 Dungeon Crawl Stone Soup version 0.31-a0-187-gba352fbbf7 (webtiles) character file.

Game seed: 15400879935096718389

37 qw the Shooter (level 3, 0/20 HPs)
             Began as a Deep Elf Hunter on June 22, 2023.
             Succumbed to their own poison gas
             ... on level 2 of the Dungeon.
             The game lasted 00:00:29 (1339 turns).

qw the Shooter (Deep Elf Hunter)                    Turns: 1339, Time: 00:00:30

Health: 0/20       AC:  6    Str: 10    XL:     3   Next: 21%
Magic:  5/5        EV: 11    Int: 13    God:
Gold:   80         SH:  0    Dex: 18    Spells: 2/2 levels left

rFire   . . .        Y - +2 shortbow
rCold   . . .        (shield currently unavailable)
rNeg    . . .        b - +0 ring mail
rPois   .            (no helmet)
rElec   .            i - +0 cloak
rCorr   .            (no gloves)
SInv    .            (no boots)
Will    .....        (no amulet)
Stlth   +            (no ring)
HPRegen 0.23/turn    (no ring)
MPRegen 0.09/turn

%: no passive effects
@: lethally poisoned (0 -> -20)
A: no striking features
a: no special abilities


You were on level 2 of the Dungeon.
You visited 1 branch of the dungeon, and saw 2 of its levels.

You collected 80 gold pieces.


   Skills:
 - Level 1.5 Fighting
 + Level 6.8 Ranged Weapons
 - Level 2.4 Dodging
 - Level 1.2 Stealth


You had 2 spell levels left.
You didn't know any spells.
Your spell library was empty.

Inventory:

Hand Weapons
 Y - a +2 shortbow (weapon)
Armour
 b - a +0 ring mail (worn)
 i - a +0 cloak (worn)
Wands
 f - a wand of digging (5)
Scrolls
 a - a scroll of identify
 e - a scroll of teleportation

Dungeon Overview and Level Annotations

Branches:
Dungeon (2/15)

Altars:


Message History

As you read the scroll labelled DADERI DELAQ, it crumbles to dust.
You feel strangely unstable.
It was a scroll of teleportation.
You start waiting.
Your surroundings suddenly seem different.
Enter note:
Enter note:
Enter note:
Enter note:
Enter note:
Enter note: Done exploring.
1335 ||| READING scroll labelled SIUFEIMOMO.
The air fills with toxic fumes!
As you read the scroll labelled SIUFEIMOMO, it crumbles to dust.
It was a scroll of poison.
Done exploring.
1336 ||| READING 2 scrolls of identify.
As you read the scroll of identify, it crumbles to dust.
h - a potion of brilliance
1336 ||| IDENTIFYING bubbling silvery potion Done exploring.
1337 ||| DROPPING potion of brilliance.
You drop a potion of brilliance.
Done exploring.
(D) Dungeon
Where to? (* - list waypoints, Enter - D:2, ? - help)
What level of the Dungeon? (default 1, ? - help) Sorry, I don't know how to get there.
Enter note:
Enter note:
Enter note:
Enter note:
Enter note:
Enter note: Really walk into that cloud of poison gas?
You are engulfed in poison gas.
You are lethally poisoned!
You feel very sick.
There is a stone staircase leading down here.
1339 ||| Stepping ~*~*~tactically~*~*~ (cloud).
You die...

#....#.## #........#
..####.# #...¤¤¤..#
### #.# ####¤¤#### #
###.###########¤¤#
#...##.¤¤¤¤¤¤¤¤¤¤#
####.####.¤¤¤¤¤¤¤¤¤¤#
#.........¤¤¤¤¤¤¤¤¤¤#
..#..####.¤¤¤¤¤¤¤¤¤¤#
....## #.¤¤¤¤¤¤@¤¤¤#
##..# ######¤¤###¤#
#..# #¤## #.#
##.)###### #¤# ##.#
.[.......# #.# #.(#
##..####.# #.# #.##
#..<.##.#####.# #.#
##.#....##..).# #.#
#^###......### #.#


There were no monsters in sight!

Vanquished Creatures
  A worm (D:2)
  2 dart slugs (D:2)
  An orc (D:2)
  4 ball pythons
  An endoplasm (D:1)
  A giant cockroach (D:1)
  3 goblins
  4 hobgoblins
  4 kobolds
  2 bats (D:1)
  A frilled lizard (D:2)
  4 rats
  A spectral hobgoblin (D:1)
29 creatures vanquished.

Notes
Turn   | Place    | Note
-------+----------+-------------------------------------------
     0 | D:1      | qw the Deep Elf Hunter began the quest for the Orb.
     0 | D:1      | Reached XP level 1. HP: 12/12 MP: 3/3
     0 | D:1      | 0 ||| qw: Version: 0.3-a-9-g12657ce
     0 | D:1      | 0 ||| qw: Game counter: 2590
     0 | D:1      | 0 ||| qw: Always use a shield: true
     0 | D:1      | 0 ||| qw: God list: Okawaru
     0 | D:1      | 0 ||| qw: Allow faded altars: false
     0 | D:1      | 0 ||| qw: Do Orc after D:15 true
     0 | D:1      | 0 ||| qw: Do second Lair branch before Depths: true
     0 | D:1      | 0 ||| qw: Lair rune preference: random
     0 | D:1      | 0 ||| qw: Plans: Normal
     0 | D:1      | 0 ||| PLANNING D:1-11
   302 | D:1      | Found a faded altar of an unknown god.
   303 | D:1      | 303 ||| Stepping ~*~*~tactically~*~*~ (water).
   305 | D:1      | 305 ||| Stepping ~*~*~tactically~*~*~ (water).
   307 | D:1      | 307 ||| Stepping ~*~*~tactically~*~*~ (water).
   319 | D:1      | Reached skill level 6 in Ranged Weapons
   319 | D:1      | Reached XP level 2. HP: 16/16 MP: 4/4
   708 | D:1      | 708 ||| READING 4 scrolls labelled BOATITESKA.
   709 | D:1      | 709 ||| READING scroll labelled DAFOKKIOWNO.
   710 | D:1      | 710 ||| READING scroll labelled KOIGURAMUCU.
   811 | D:1      | 811 ||| READING scroll labelled XUOFESMUAWE.
   812 | D:1      | 812 ||| READING 3 scrolls of identify.
   812 | D:1      | 812 ||| IDENTIFYING viscous white potion
   813 | D:1      | 813 ||| DROPPING scroll of butterflies.
   814 | D:1      | 814 ||| DROPPING potion of degeneration.
   897 | D:2      | 897 ||| READING scroll of enchant weapon.
   897 | D:2      | 897 ||| ENCHANTING +1 shortbow.
   971 | D:2      | Reached XP level 3. HP: 16/20 MP: 5/5
  1277 | D:2      | 1277 ||| UPGRADING to +0 ring mail.
  1287 | D:2      | 1287 ||| DROPPING +0 leather armour.
  1288 | D:2      | 1288 ||| UPGRADING to +0 cloak.
  1293 | D:2      | 1293 ||| READING scroll labelled VUEWKA ZERHUN.
  1330 | D:2      | 1330 ||| READING 2 scrolls labelled DADERI DELAQ.
  1335 | D:2      | 1335 ||| READING scroll labelled SIUFEIMOMO.
  1336 | D:2      | 1336 ||| READING 2 scrolls of identify.
  1336 | D:2      | 1336 ||| IDENTIFYING bubbling silvery potion
  1337 | D:2      | 1337 ||| DROPPING potion of brilliance.
  1338 | D:2      | HP: 5/20 [poisoned by you (poison gas)]
  1339 | D:2      | 1339 ||| Stepping ~*~*~tactically~*~*~ (cloud).
  1339 | D:2      | Succumbed to their own poison gas

Levels and vault maps discovered:
D:1:      minmay_arrival_four_houses, layout_loops_ring,
          dreamdust_ecumenical_altar_drowned_temple, dk_noncrumbling_3
D:2:      layout_rooms

Skill      XL: |  1 |
---------------+----+-----
Ranged Weapons | 6 |  6.8
Fighting       | |  1.5
Dodging        | |  2.4
Stealth        | |  1.2

Action                     || total
---------------------------++-------
   Fire: Shortbow          ||    88
    Use: Scroll            ||    10
 Armour: Leather armour    ||     8
  Dodge: Dodged            ||    25

Table legend:
 A = Non-vault XP
 B = Vault XP
 C = Vault XP percentage of total XP
 D = Non-vault monster count
 E = Vault monster count
 F = Vault count percentage of total count
                 A         B        C        D         E       F
            +---------+---------+-------+---------+---------+-------
      Total |      52 |       1 |   1.9 |      28 |       1 |   3.4
            +---------+---------+-------+---------+---------+-------
        D:1 |      21 |       1 |   4.5 |      13 |       1 |   7.1
        D:2 |      31 |       0 |   0.0 |      15 |       0 |   0.0
            +---------+---------+-------+---------+---------+-------
